 Dungeon Sprint DCSS version 0.17-a0-1508-ge7f3dc3 (webtiles) character file.

1123 Kidiri the Basher (level 8, -2/84 HPs)
             Began as a Troll Fighter on July 10, 2015.
             Was a Priest of Okawaru.
             Slain by a cyclops (32 damage)
             ... in the Dungeon (Sprint IX: "|||||||||||||||||||||||||||||").
             The game lasted 00:02:34 (403 turns).

Kidiri the Basher (Troll Fighter)                    Turns: 403, Time: 00:02:34

Health: -2/84      AC:  7    Str: 30    XL:     8   Next: 13%
Magic:  10/10      EV: 11    Int:  4    God:    Okawaru [***...]
Gold:   0          SH: 10    Dex:  9    Spells: 0 memorised, 7 levels left

rFire  . . .     SeeInvis .     a - +0 flail
rCold  . . .     Clarity  .     b - +0 robe
rNeg   . . .     SustAt   .     c - +0 shield
rPois  .         Gourm    +     (helmet restricted)
rElec  .         Spirit   .     (no cloak)
rCorr  .         Warding  .     (gloves unavailable)
rMut   .         NoTele   +     (boots unavailable)
MR     .....                    (no amulet)
Stlth  +.........               q - +2 ring of protection
                                p - +3 ring of strength

@: not resistant to hostile enchantments, very unstealthy
A: unfitting armour, claws 3, fast metabolism 3, gourmand, regeneration 2,
shaggy fur 1, tough skin 2
a: Heroism, Renounce Religion


You were in the Dungeon.
You worshipped Okawaru.
Okawaru was most pleased with you.
You were very full.

You visited 1 branch

Inventory:

Hand weapons
 a - a +0 flail (weapon)
Armour
 b - a +0 robe (worn)
 c - a +0 shield (worn)
Jewellery
 p - a +3 ring of strength (left claw)
 q - a +2 ring of protection (right claw)
Magical devices
 o - a wand of draining (7)
Scrolls
 k - 2 scrolls of blinking
 m - 3 scrolls of remove curse
 n - 2 scrolls of amnesia
Potions
 d - a potion of might
 f - 5 potions of curing
 g - 2 potions of heal wounds
 h - a potion of haste
 i - 4 potions of magic
 l - a potion of invisibility
Comestibles
 e - 2 bread rations


   Skills:
 + Level 6.3 Fighting
 * Level 9.2 Maces & Flails
 * Level 8.7 Dodging
 + Level 6.3 Shields
 + Level 5.1 Invocations


You had 7 spell levels left.
You didn't know any spells.

Dungeon Overview and Level Annotations

Branches:
Dungeon (1/1)

Altars:
Cheibriados
Dithmenos
Elyvilon
Fedhas
Gozag
Kikubaaqudgha
Makhleb
Nemelex Xobeh
Okawaru
Qazlal
Ru
Sif Muna
Trog
Vehumet
Xom
Yredelemnul
Zin
The Shining One
Beogh
Jiyva
Lugonu


Innate Abilities, Weirdness & Mutations

You are too large for most types of armour.
You have claws for hands.
Your metabolism is lightning-fast.
You like to eat raw meat.
You heal very quickly.
You are covered in fur (AC +1).
You have very tough skin (AC +2).


Message History

You sock the cyclops!
The cyclops is moderately wounded.
The cyclops hits you.
You barely miss the cyclops.
The cyclops is moderately wounded.
You hit the cyclops.
The cyclops is moderately wounded.
You block the cyclops's attack.
You hit the cyclops.
The cyclops is moderately wounded.
You barely miss the cyclops.
The cyclops is moderately wounded.
The cyclops hits you!!
You hit the cyclops.
The cyclops is moderately wounded.
The cyclops hits you!!
You sock the cyclops!
The cyclops is heavily wounded.
The cyclops hits you!!
You die...

▓.▓
▓'▓
▓.▓
▓.▓
▓.▓
▓.▓
▓.▓
▓.▓
▓@▓
▓C▓
▓)▓
▓.▓
▓.▓
▓.▓
▓.▓
▓+▓


You could see a cyclops.

Vanquished Creatures
  A centaur warrior (D)
  A hungry ghost (D)
  An orc warrior (D)
  An ogre (D)
  A centaur (D)
  A giant frog (D)
  An orc wizard (D)
  A worker ant (D)
  An adder (D)
  An adder skeleton (D)
  A giant gecko (D)
  2 orcs (D)
  2 goblins (D)
  A hobgoblin (D)
  2 bats (D)
  A giant gecko zombie (D)
  A quokka zombie (D)
  A rat (D)
21 creatures vanquished.

Notes
Turn   | Place    | Note
--------------------------------------------------------------
     0 | D        | Kidiri the Troll Fighter began the quest for the Orb.
     0 | D        | Reached XP level 1. HP: 22/22 MP: 0/0
    14 | D        | Reached skill level 3 in Dodging
    41 | D        | Noticed an ogre
    41 | D        | Noticed an orc wizard
    55 | D        | Killed an ogre
    55 | D        | Reached skill level 4 in Maces & Flails
    55 | D        | Reached XP level 2. HP: 21/32 MP: 1/1
    55 | D        | Reached XP level 3. HP: 25/39 MP: 2/2
    55 | D        | Reached XP level 4. HP: 31/48 MP: 3/3
    61 | D        | Killed an orc wizard
    61 | D        | Reached skill level 5 in Maces & Flails
    61 | D        | Reached skill level 5 in Dodging
    85 | D        | Found a glowing silver altar of Zin.
    85 | D        | Found a glowing golden altar of the Shining One.
    85 | D        | Found an ancient bone altar of Kikubaaqudgha.
    85 | D        | Found a basalt altar of Yredelemnul.
    85 | D        | Found a shimmering altar of Xom.
    85 | D        | Found a radiant altar of Vehumet.
    86 | D        | Found an iron altar of Okawaru.
    87 | D        | Found a burning altar of Makhleb.
    88 | D        | Found a deep blue altar of Sif Muna.
    89 | D        | Found a bloodstained altar of Trog.
    90 | D        | Found a sparkling altar of Nemelex Xobeh.
    91 | D        | Found a white marble altar of Elyvilon.
    92 | D        | Found a roughly hewn altar of Beogh.
    93 | D        | Found a viscous altar of Jiyva.
    94 | D        | Became a worshipper of Warmaster Okawaru
   101 | D        | Found a corrupted altar of Lugonu.
   102 | D        | Found a blossoming altar of Fedhas.
   103 | D        | Found a snail-covered altar of Cheibriados.
   104 | D        | Found a shadowy altar of Dithmenos.
   105 | D        | Found a stormy altar of Qazlal.
   106 | D        | Found an opulent altar of Gozag.
   107 | D        | Found a sacrificial altar of Ru.
   136 | D        | Noticed a giant frog
   136 | D        | Noticed a worker ant
   141 | D        | Killed a giant frog
   141 | D        | Reached skill level 1 in Invocations
   141 | D        | Reached XP level 5. HP: 46/54 MP: 3/5
   148 | D        | Killed a worker ant
   148 | D        | Reached skill level 6 in Maces & Flails
   187 | D        | Noticed a centaur
   187 | D        | Noticed a centaur warrior
   187 | D        | Noticed a hungry ghost
   187 | D        | Noticed an orc warrior
   187 | D        | Noticed a cyclops
   197 | D        | Killed a centaur warrior
   197 | D        | Acquired Okawaru's first power
   197 | D        | Reached skill level 8 in Maces & Flails
   197 | D        | Reached XP level 6. HP: 43/67 MP: 5/8
   197 | D        | Reached XP level 7. HP: 48/75 MP: 5/9
   199 | D        | Killed a centaur
   207 | D        | Killed a hungry ghost
   207 | D        | Reached skill level 9 in Maces & Flails
   207 | D        | Reached XP level 8. HP: 56/83 MP: 6/10
   221 | D        | Killed an orc warrior
   221 | D        | Reached skill level 5 in Invocations
   226 | D        | HP: 3/83 [cyclops (27)]
   403 | D        | Slain by a cyclops

Vault maps used:
D:        linesprint

Action                   |  1- 3 |  4- 6 |  7- 9 || total
-------------------------+-------+-------+-------++-------
Melee: Flail             |    13 |    30 |    35 ||    78
Invok: Heroism           |       |       |     1 ||     1
  Use: Potion            |     1 |       |     1 ||     2
  Eat: Chunk             |     5 |     3 |     3 ||    11
